 Dungeon Crawl Stone Soup version 0.25-a0-246-g58704a1 (webtiles) character file.

Game seed: 4067575967854047140, levelgen mode: deterministic

65 DrEnzyme the Sneak (level 3, -2/18 HPs)
             Began as a Spriggan Wanderer on Dec 2, 2019.
             Killed from afar by Natasha (8 damage)
             ... with a magic dart
             ... on level 3 of the Dungeon.
             The game lasted 00:11:30 (4121 turns).

DrEnzyme the Sneak (Spriggan Wanderer)              Turns: 4121, Time: 00:11:30

Health: -2/18      AC:  2    Str:  9    XL:     3   Next: 94%
Magic:  4/4        EV: 19    Int: 13    God:
Gold:   54         SH:  0    Dex: 15    Spells: 2/2 levels left

rFire    . . .     SeeInvis +   a - +0 dagger
rCold    . . .     Gourm    .   (shield restricted)
rNeg     . . .     Faith    .   c - +0 robe
rPois    .         Spirit   .   (helmet restricted)
rElec    .         Reflect  .   (no cloak)
rCorr    .         Harm     .   (gloves unavailable)
MR       .....                  (boots unavailable)
Stlth    +++.......             (no amulet)
HPRegen  0.06/turn              j - ring of wizardry
MPRegen  0.09/turn              (no ring)

@: very quick
A: very small, unfitting armour, see invisible, herbivore, speed 3, slow
metabolism 2
a: no special abilities


You were on level 3 of the Dungeon.
You were very hungry.

You visited 1 branch of the dungeon, and saw 3 of its levels.

You collected 54 gold pieces.

Inventory:

Hand Weapons
 a - a +0 dagger (weapon)
Armour
 c - a +0 robe (worn)
Jewellery
 j - a ring of wizardry (left hand)
Scrolls
 b - a scroll of blinking
 e - a scroll of fear
 g - a scroll of remove curse
 l - a scroll of fog {unknown}
 m - a scroll of identify {unknown}
Potions
 d - 2 potions of lignification
 h - a potion of degeneration {unknown}
 i - a potion of curing {unknown}
 k - a potion of magic {unknown}
Comestibles
 f - 3 rations


   Skills:
 + Level 1.8 Fighting
 * Level 1.6 Short Blades
   Level 1.2 Bows
 + Level 2.2 Throwing
 * Level 3.9 Dodging
 * Level 4.2 Stealth
 - Level 1.0 Unarmed Combat


You had 2 spell levels left.
You didn't know any spells.
Your spell library was empty.

Dungeon Overview and Level Annotations

Branches:
Dungeon (3/15)

Altars:
Fedhas
Kikubaaqudgha
Qazlal

Annotations:
D:3 Natasha


Innate Abilities, Weirdness & Mutations

You are very small and have problems with some larger weapons.
You are too small for most types of armour.
You have supernaturally acute eyesight. (SInv)
You are a herbivore.
You cover ground extremely quickly.
You need to consume almost no food.


Message History

You hit Natasha.
Natasha is lightly wounded.
Natasha completely misses you.
You barely miss Natasha.
Natasha is lightly wounded.
Natasha closely misses you.
You barely miss Natasha.
Natasha is lightly wounded.
Natasha closely misses you.
You closely miss Natasha.
Natasha is lightly wounded.
Natasha stares at you and mumbles some strange words.
The magic dart hits you!
Natasha wildly gestures.
You feel disoriented.
Natasha stares at you and mumbles some strange words.
The magic dart hits you. Natasha casts a spell at you. The magic dart hits you!
You die...

## #######.##.#
...........##.#
..###.!......#
...#.##.....##
#+###.#.....#.#<#
.#...w...#.h.#.#...#
.........#...#PP......
........>....PPPPP.^#≈..
.......@......P_....._≈.
.............$PPPP..§≈.
...............?P...§#.#
............##.#.#.#####
....#..#..### ?# .
##+#...#..# # ..#.....
...#######


You could see a worm (wandering) and Natasha.

Vanquished Creatures
  An adder (D:2)
  3 dart slugs (D:1)
  3 leopard geckos
  An orc (D:2)
  A giant cockroach (D:1)
  6 goblins
  4 hobgoblins
  7 kobolds
  10 bats
  4 frilled lizards
  6 rats
46 creatures vanquished.

Notes
Turn   | Place    | Note
-------+----------+-------------------------------------------
     0 | D:1      | DrEnzyme the Spriggan Wanderer began the quest for the Orb.
     0 | D:1      | DrEnzyme set off with the following items: a +0 dagger, a
                  | scroll of blinking, a +0 robe, a potion of lignification, a
                  | scroll of fear, a ration
     0 | D:1      | Reached XP level 1. HP: 10/10 MP: 2/2
   455 | D:1      | Reached XP level 2. HP: 11/15 MP: 3/3
  1320 | D:1      | Reached XP level 3. HP: 11/18 MP: 4/4
  1449 | D:1      | Reached skill level 1 in Short Blades
  1680 | D:1      | Reached skill level 4 in Stealth
  2595 | D:2      | Found an ancient bone altar of Kikubaaqudgha.
  3406 | D:3      | Found a blossoming altar of Fedhas.
  3406 | D:3      | Found a stormy altar of Qazlal.
  3417 | D:3      | Noticed Natasha
  4121 | D:3      | Killed from afar by Natasha

Levels and vault maps discovered:
D:1:      evilmike_arrival_plus, layout_basic, serial_glass, glass_columns_b,
          glass_columns_c, glass_columns_b, glass_columns_a
D:2:      cheibrodos_helix_gallery, layout_basic, kiku_gazebo_pond_becter
D:3:      layout_basic, grunt_temple_overflow_forces_of_nature,
          lemuel_round_altar, uniq_crazy_yiuf_cottage, uniq_natasha, uniq_robin

Skill      XL: |  1  2  3 |
---------------+----------+-----
Dodging        | 3 |  3.9
Short Blades   | 1 |  1.6
Stealth        | 4 |  4.2
Fighting       | |  1.8
Bows           | |  1.2
Throwing       | |  2.2
Unarmed Combat | |  1.0

Action                   || total
-------------------------++-------
Melee: Dagger            ||   280
  Use: Scroll            ||     1
 Stab: Distracted        ||     1
       Sleeping          ||     8
Armor: Robe              ||    35
Dodge: Dodged            ||   256

Table legend:
 A = Non-vault XP
 B = Vault XP
 C = Vault XP percentage of total XP
 D = Non-vault monster count
 E = Vault monster count
 F = Vault count percentage of total count
                 A         B        C        D         E       F
            +---------+---------+-------+---------+---------+-------
      Total |      90 |       4 |   4.3 |      44 |       2 |   4.3
            +---------+---------+-------+---------+---------+-------
        D:1 |      49 |       0 |   0.0 |      24 |       0 |   0.0
        D:2 |      40 |       4 |   9.1 |      19 |       2 |   9.5
        D:3 |       1 |       0 |   0.0 |       1 |       0 |   0.0
            +---------+---------+-------+---------+---------+-------
